 Dungeon Crawl Stone Soup version 0.30-a0-210-g01b79a254e (webtiles) character file.

Game seed: 1452706641410941889

3192 ratclowncar the Grappler (level 9, 0/74 HPs)
             Began as a Gnoll Monk on Oct 4, 2022.
             Succumbed to barbed spike wounds
             ... on level 8 of the Dungeon.
             The game lasted 00:50:48 (11058 turns).

ratclowncar the Grappler (Gnoll Monk)              Turns: 11058, Time: 00:50:49

Health: 0/74       AC: 13    Str: 18    XL:     9   Next: 96%
Magic:  0/16       EV: 14    Int: 10    God:
Gold:   291        SH:  0    Dex: 14    Spells: 17/17 levels left

rFire   . . .      SeeInvis +    w - +4 war axe (vamp)
rCold   . . .      Faith    .    (no shield)
rNeg    . . .      Spirit   +    A - +0 ring mail
rPois   .          Reflect  .    k - +2 helmet
rElec   .          Harm     .    n - +1 cloak
rCorr   .          Rampage  .    (no gloves)
Will    .....                    B - +1 pair of boots of the Twisting Gods {Str+3 Stlth+}
Stlth   ++++......               m - amulet of guardian spirit
HPRegen 0.32/turn                e - ring of see invisible
MPRegen 0.15/turn                (no ring)

@: spiked
A: fangs 1, strong nose, distributed training
a: no special abilities


You were on level 8 of the Dungeon.
You visited 2 branches of the dungeon, and saw 9 of its levels.

You collected 291 gold pieces.

Inventory:

Hand Weapons
 i - a +0 short sword of draining
 u - a +5 war axe
 w - a +4 vampiric war axe (weapon)
 z - the +6 sling "Gnoll's Regret" {vorpal, rF+}
   (You found it on level 6 of the Dungeon)

   Any ammunition fired from it inflicts extra damage upon your enemies.
   rF:        It protects you from fire.
Missiles
 p - 5 poisoned darts (quivered)
 x - 5 boomerangs
 C - 6 stones
Armour
 k - a +2 helmet (worn)
 n - a +1 cloak (worn)
 A - a +0 ring mail (worn)
 B - the +1 pair of boots of the Twisting Gods (worn) {Str+3 Stlth+}
   (You found it on level 5 of the Dungeon)

   Str:       It affects your strength (+3).
   Stlth:     It makes you more stealthy.
 F - the +2 robe of Masochism {rPois}
   (You found it on level 6 of the Dungeon)

   rPois:     It protects you from poison.
Jewellery
 e - a ring of see invisible (left hand)
 j - a ring of magical power
 m - an amulet of guardian spirit (around neck)
 q - a ring of flight
Wands
 h - a wand of light (18)
 y - a wand of mindburst (4)
 H - a wand of flame (23)
Scrolls
 l - 2 scrolls of magic mapping
 t - a scroll of fog
 E - a scroll of blinking
Potions
 a - a potion of invisibility {unknown}
 b - a potion of ambrosia
 c - 2 potions of mutation {unknown}
 d - a potion of heal wounds {unknown}
 g - 2 potions of might {unknown}
 o - a potion of magic {unknown}
 r - 3 potions of haste
 s - a potion of resistance {unknown}
 v - a potion of brilliance
 G - a potion of attraction {unknown}


   Skills:
 + Level 8.3 Fighting
 + Level 4.9 Short Blades
 + Level 4.9 Long Blades
 + Level 4.9 Axes
 + Level 4.9 Maces & Flails
 + Level 4.9 Polearms
 + Level 4.9 Staves
 + Level 4.9 Ranged Weapons
 + Level 4.9 Throwing
 + Level 4.9 Armour
 + Level 8.3 Dodging
 + Level 6.5 Stealth
 + Level 4.9 Shields
 + Level 8.3 Unarmed Combat
 + Level 4.9 Spellcasting
 + Level 4.0 Conjurations
 + Level 4.0 Hexes
 + Level 4.0 Summonings
 + Level 4.0 Necromancy
 + Level 4.0 Translocations
 + Level 4.0 Transmutations
 + Level 4.0 Fire Magic
 + Level 4.0 Ice Magic
 + Level 4.0 Air Magic
 + Level 4.0 Earth Magic
 + Level 4.0 Poison Magic
 + Level 5.4 Invocations
 + Level 4.9 Evocations


You had 17 spell levels left.
You didn't know any spells.
Your spell library contained the following spells:

 Spells                   Type           Power      Damage    Failure   Level
 Freeze                   Ice            40%        1d6       8%          1
 Blink                    Tloc           20%        N/A       11%         2
 Momentum Strike          Conj/Tloc      20%        3d8       11%         2
 Call Canine Familiar     Summ           10%        N/A       22%         3
 Frozen Ramparts          Ice            20%        1d4       22%         3
 Hailstorm                Conj/Ice       10%        3d5       22%         3
 Lesser Beckoning         Tloc           20%        N/A       22%         3
 Portal Projectile        Hex/Tloc       20%        N/A       22%         3
 Tukima's Dance           Hex            10%        N/A       22%         3
 Leda's Liquefaction      Hex/Erth       5%         N/A       58%         4
 Blade Hands              Tmut           5%         N/A       90%         5


Dungeon Overview and Level Annotations

Branches:
Dungeon (8/15)             Temple (1/1) D:6
   Lair: D:8-11

Altars:
Cheibriados
Elyvilon
Fedhas
Gozag
Hepliaklqana
Okawaru
Qazlal
Ru
Sif Muna
Uskayaw
Vehumet
Wu Jian
Xom
Yredelemnul
Zin
The Shining One


Innate Abilities, Weirdness & Mutations

You have very sharp teeth.
Your uncanny sense of smell can sniff out nearby items.
Your experience applies equally to all skills.


Message History

The barbed spikes dig painfully into your body as you move.
* * * LOW HITPOINT WARNING * * *
The barbed spikes dig painfully into your body as you move.
* * * LOW HITPOINT WARNING * * *
Throw: 6 darts (poison)
Press: ? - help, Q - select action, (/) - cycle Shift-Dir - straight line, f/p - manticore
Aim: a manticore (lightly wounded, poisoned, 75% to hit)
You throw a poisoned dart.
The poisoned dart barely misses the manticore.
The crimson imp blinks!
You slash the manticore!
You feel better.
The manticore is moderately wounded.
The sixfirhy hits you.
* * * LOW HITPOINT WARNING * * *
The sixfirhy shocks you!
* * * LOW HITPOINT WARNING * * *
The crimson imp blinks!
The manticore bites you.
* * * LOW HITPOINT WARNING * * *
The manticore barely misses you. The manticore completely misses you.
The sixfirhy completely misses you.
You feel better.
The sixfirhy hits you but does no damage.
The sixfirhy completely misses you. The manticore misses you.
The manticore barely misses you. The manticore claws you.
* * * LOW HITPOINT WARNING * * *
You feel better.
The manticore looks more healthy.
The manticore barely misses you. The manticore closely misses you. x2
The kobold demonologist miscasts a cantrip.
Save game and exit?
Okay, then.
The manticore attacks as you move away! The manticore closely misses you.
The manticore claws you.
* * * LOW HITPOINT WARNING * * *
The manticore barely misses you.
The barbed spikes dig painfully into your body as you move.
* * * LOW HITPOINT WARNING * * *
The manticore flicks its tail.
The volley of spikes misses you.
The barbed spikes dig painfully into your body as you move.
You die...

..###.....#.F ∆ ...∆
### ####### ._.
..###### ..
#......###### ..
######......# .# ##
######)# .##.# #
#.#####....#..
#...).........
#####.@.......
##.....##...
#..##########H..####
# #......BD55D3###
#.......K###..#
$...##..###..## #.#
##.# #.## # #.. #.
### #.


You could see a seven-headed hydra, a manticore, a sixfirhy (summoned) and a
crimson imp (summoned).

Vanquished Creatures
  The ghost of Darkkill the Shooter, a novice HuHu (D:5)
  Prince Ribbit (D:8)
  Sigmund (D:1)
  A water moccasin (D:6)
  An orc warrior (D:7)
  3 ice beasts
  A sky beast (D:6)
  2 black bears
  A centaur (D:8)
  2 phantoms (D:5)
  A necrophage (D:4)
  2 scorpions
  4 wights (D:8)
  2 howler monkeys
  6 orc priests
  3 hounds
  A jelly (D:6)
  Crazy Yiuf (D:2)
  Jessica (D:3)
  11 orc wizards
  Natasha (thrice) (D:2)
  4 iguanas
  Robin (D:1)
  7 gnolls
  12 adders
  A white imp (D:5)
  2 worms
  A dart slug (D:4)
  34 orcs
  11 ball pythons
  6 endoplasms
  7 giant cockroaches
  12 goblins
  10 hobgoblins
  3 jackals
  4 kobolds
  7 quokkas
  3 bats
  4 frilled lizards
  3 rats
181 creatures vanquished.

Vanquished Creatures (others)
  6 fungi (D:3)
  6 plants (D:3)
12 creatures vanquished.

Grand Total: 193 creatures vanquished

Notes
Turn   | Place    | Note
-------+----------+-------------------------------------------
     0 | D:1      | ratclowncar the Gnoll Monk began the quest for the Orb.
     0 | D:1      | Reached XP level 1. HP: 23/23 MP: 1/1
   284 | D:1      | Reached XP level 2. HP: 29/29 MP: 2/2
   955 | D:2      | Noticed Robin
   955 | D:2      | Noticed Sigmund
   976 | D:1      | Reached XP level 3. HP: 30/35 MP: 3/3
  1105 | D:1      | Reached skill level 1 in Invocations
  1295 | D:1      | Killed Sigmund
  1296 | D:1      | Reached skill level 1 in Short Blades
  1296 | D:1      | Reached skill level 1 in Long Blades
  1296 | D:1      | Reached skill level 1 in Axes
  1296 | D:1      | Reached skill level 1 in Maces & Flails
  1296 | D:1      | Reached skill level 1 in Polearms
  1296 | D:1      | Reached skill level 1 in Staves
  1296 | D:1      | Reached skill level 1 in Ranged Weapons
  1296 | D:1      | Reached skill level 1 in Throwing
  1296 | D:1      | Reached skill level 1 in Armour
  1296 | D:1      | Reached skill level 1 in Shields
  1296 | D:1      | Reached skill level 1 in Spellcasting
  1296 | D:1      | Reached skill level 1 in Conjurations
  1296 | D:1      | Reached skill level 1 in Hexes
  1296 | D:1      | Reached skill level 1 in Summonings
  1296 | D:1      | Reached skill level 1 in Necromancy
  1296 | D:1      | Reached skill level 1 in Translocations
  1296 | D:1      | Reached skill level 1 in Transmutations
  1296 | D:1      | Reached skill level 1 in Fire Magic
  1296 | D:1      | Reached skill level 1 in Ice Magic
  1296 | D:1      | Reached skill level 1 in Air Magic
  1296 | D:1      | Reached skill level 1 in Earth Magic
  1296 | D:1      | Reached skill level 1 in Poison Magic
  1296 | D:1      | Reached skill level 1 in Evocations
  1296 | D:1      | Reached XP level 4. HP: 13/41 MP: 4/6
  1296 | D:1      | Reached XP level 5. HP: 15/47 MP: 4/7
  1725 | D:1      | Killed Robin
  1726 | D:1      | Reached XP level 6. HP: 52/53 MP: 8/8
  1914 | D:2      | Noticed Natasha
  1940 | D:2      | Killed Natasha
  2222 | D:2      | Found a runed translucent door.
  2223 | D:2      | Noticed Crazy Yiuf
  2237 | D:2      | Killed Crazy Yiuf
  2347 | D:2      | Noticed Natasha
  2368 | D:2      | Killed Natasha
  2451 | D:2      | Noticed Natasha
  2457 | D:2      | Killed Natasha
  3076 | D:3      | Noticed Jessica
  3106 | D:3      | Killed Jessica
  3207 | D:3      | Found a stormy altar of Qazlal.
  3291 | D:3      | Reached XP level 7. HP: 55/59 MP: 8/10
  3308 | D:3      | Found a faded altar of an unknown god.
  4716 | D:3      | Found an opulent altar of Gozag.
  6284 | D:4      | Reached skill level 5 in Stealth
  6922 | D:4      | Reached XP level 8. HP: 67/67 MP: 12/12
  7566 | D:5      | Entered Level 5 of the Dungeon
  7612 | D:5      | Found a runed translucent door.
  7612 | D:5      | Noticed Darkkill's ghost (novice HuHu)
  7645 | D:5      | Killed Darkkill's ghost
  7877 | D:5      | Found a sacrificial altar of Ru.
  8405 | D:5      | Identified the +1 pair of boots of the Twisting Gods {Str+3
                  | Stlth+}
  8544 | D:5      | Reached XP level 9. HP: 73/73 MP: 13/15
  8802 | D:6      | Found a staircase to the Ecumenical Temple.
  8829 | Temple   | Entered the Ecumenical Temple
  9134 | D:6      | Identified the +6 sling "Gnoll's Regret" {vorpal, rF+}
  9574 | D:6      | Noticed an unseen horror
  9695 | D:6      | Identified the +2 robe of Masochism {rPois}
 10140 | D:6      | Reached skill level 5 in Invocations
 10147 | D:7      | Found a hide-covered altar of Uskayaw.
 10357 | D:7      | Found a radiant altar of Vehumet.
 10478 | D:7      | Found a glowing golden altar of the Shining One.
 10701 | D:8      | Noticed Prince Ribbit
 10712 | D:8      | Killed Prince Ribbit
 10980 | D:8      | Found an ornate altar of the Wu Jian Council.
 11018 | D:8      | Noticed a boulder beetle
 11021 | D:8      | Noticed a manticore
 11021 | D:8      | Noticed a kobold demonologist
 11040 | D:8      | Noticed a seven-headed hydra
 11044 | D:8      | Noticed a sixfirhy
 11054 | D:8      | HP: 2/74 [manticore (3)]
 11058 | D:8      | Succumbed to barbed spike wounds

Illustrated notes

Levels and vault maps discovered:
D:1:      dpeg_arrival_castle, layout_basic
D:2:      layout_basic, uniq_crazy_yiuf_cottage, uniq_natasha, uniq_sigmund,
          uniq_robin
D:3:      layout_loops_ring, mainiacjoe_overflow_24_doors, grunt_gozag_statues,
          shapermc_ecumenical_altar_mp_urbaneastern, grunt_ministairs_15,
          uniq_jessica
D:4:      layout_loops_corners, minmay_between
D:5:      layout_basic, hangedman_ru_absence, hellmonk_ghost_happy_afterlife,
          minmay_misc_feat_plants, minmay_pentangle
D:6:      layout_cave_pods, temple_green, kennysheep_doodads,
          lightli_corner_chamber
D:7:      layout_rooms, tso_metal_star, vehumet_altar_wand_db,
          eat_drink_and_be_merry_uskayaw
D:8:      minmay_blocky_corners, layout_rooms, mainiacjoe_overflow_tiny_flanked,
          grunt_livestock, uniq_prince_ribbit1
Temple:   nicolae_temple_bog_church

Skill      XL: |  1  2  3  4  5  6  7  8  9 |
---------------+----------------------------+-----
Invocations    | 1 2 3 4 5 |  5.4
Short Blades   | 1 2 3 4 |  4.9
Long Blades    | 1 2 3 4 |  4.9
Axes           | 1 2 3 4 |  4.9
Maces & Flails | 1 2 3 4 |  4.9
Polearms       | 1 2 3 4 |  4.9
Staves         | 1 2 3 4 |  4.9
Ranged Weapons | 1 2 3 4 |  4.9
Throwing       | 1 2 3 4 |  4.9
Armour         | 1 2 3 4 |  4.9
Shields        | 1 2 3 4 |  4.9
Spellcasting   | 1 2 3 4 |  4.9
Conjurations   | 1 2 3 4 |  4.0
Hexes          | 1 2 3 4 |  4.0
Summonings     | 1 2 3 4 |  4.0
Necromancy     | 1 2 3 4 |  4.0
Translocations | 1 2 3 4 |  4.0
Transmutations | 1 2 3 4 |  4.0
Fire Magic     | 1 2 3 4 |  4.0
Ice Magic      | 1 2 3 4 |  4.0
Air Magic      | 1 2 3 4 |  4.0
Earth Magic    | 1 2 3 4 |  4.0
Poison Magic   | 1 2 3 4 |  4.0
Evocations     | 1 2 3 4 |  4.9
Fighting       | 7 8 |  8.3
Dodging        | 7 8 |  8.3
Unarmed Combat | 7 8 |  8.3
Stealth        | 5 6 |  6.5

Action                   |  1- 3 |  4- 6 |  7- 9 || total
-------------------------+-------+-------+-------++-------
Melee: Unarmed           |    33 |     7 |       ||    40
       Short sword       |    46 |   144 |   136 ||   326
       Bite              |    10 |    12 |    58 ||    80
       Punch             |     1 |     9 |    23 ||    33
       War axe           |       |       |   341 ||   341
Throw: Stone             |     3 |       |    21 ||    24
       Dart              |       |       |    70 ||    70
       Boomerang         |       |       |     1 ||     1
  Use: Scroll            |     3 |       |     9 ||    12
       Potion            |       |       |     2 ||     2
 Stab: Sleeping          |     5 |     3 |     6 ||    14
       Distracted        |       |     1 |       ||     1
Armor: Robe              |     7 |    25 |    76 ||   108
       Ring mail         |       |       |   141 ||   141
Dodge: Dodged            |    76 |   136 |   376 ||   588

Table legend: (Time is in decaauts)
 A = Elapsed time spent in this place.
 B = Non-inter-level travel time spent in this place.
 C = Inter-level travel time spent in this place.
 D = Time resting spent in this place.
 E = Time spent auto-exploring this place.
 F = Levels seen in this place.
 G = Mean time per level.
                   A        B        C        D        E       F      G
               +--------+--------+--------+--------+--------+-----+--------+
         Total |  11161 |  11161 |      0 |   3788 |   2532 |   9 | 1240.1 |
       Dungeon |  10870 |  10870 |      0 |   3788 |   2439 |   8 | 1358.8 |
        Temple |    290 |    290 |      0 |      0 |     93 |   1 |  290.0 |
               +--------+--------+--------+--------+--------+-----+--------+

Top non-repeatable levels by time:
     D:4: 2331 daAuts
     D:3: 2238 daAuts
     D:1: 1666 daAuts
     D:2: 1344 daAuts
     D:5: 1246 daAuts
     D:6: 1085 daAuts
     D:7: 561 daAuts
     D:8: 397 daAuts
  Temple: 290 daAuts
